 Dungeon Sprint DCSS version 0.29-a0-275-g389c0b56f3 (webtiles) character file.

Game seed: 11620763128335617698

47 HotDog the Covered (level 3, -4/36 HPs)
             Began as a Minotaur Fighter on Mar 10, 2022.
             Slain by a water elemental (15 damage)
             ... in the Dungeon (Sprint III: "The Ten Rune Challenge").
             The game lasted 00:00:25 (272 turns).

HotDog the Covered (Minotaur Fighter)                Turns: 272, Time: 00:00:26

Health: -4/36      AC:  7    Str: 22    XL:     3   Next: 48%
Magic:  3/3        EV: 10    Int:  5    God:
Gold:   6          SH:  5    Dex:  9    Spells: 2/2 levels left

rFire   . . .      SeeInvis .   a - +0 long sword
rCold   . . .      Faith    .   c - +0 buckler
rNeg    . . .      Spirit   .   b - +0 scale mail
rPois   .          Reflect  .   (helmet restricted)
rElec   .          Harm     .   (no cloak)
rCorr   .          Rampage  .   (no gloves)
Will    .....      NoTele   +   (no boots)
Stlth   ..........              (no amulet)
HPRegen 0.12/turn               (no ring)
MPRegen 0.08/turn               (no ring)

@: engulfed (cannot breathe)
A: horns 2, retaliatory headbutt
a: no special abilities


You were in the Dungeon.
You visited 1 branch You collected 6 gold pieces.

Inventory:

Hand Weapons
 a - a +0 long sword (weapon)
Armour
 b - a +0 scale mail (worn)
 c - a +0 buckler (worn)
Scrolls
 j - a scroll of blinking
Potions
 d - a potion of might
 e - a potion of curing
 f - a potion of heal wounds
 g - a potion of haste
 h - 2 potions of magic
 i - a potion of berserk rage
 k - a potion of lignification {unknown}


   Skills:
 * Level 5.4 Fighting
 * Level 3.5 Long Blades
 * Level 5.5 Armour
 * Level 1.7 Dodging
 * Level 5.4 Shields
 * Level 1.5 Invocations


You had 2 spell levels left.
You didn't know any spells.
Your spell library contained the following spells:

 Spells                   Type           Power      Damage    Failure   Level
 Animate Skeleton         Necr           0%         N/A       86%         1
 Apportation              Tloc           0%         N/A       86%         1
 Summon Small Mammal      Summ           0%         N/A       86%         1


Dungeon Overview and Level Annotations

Branches:
Dungeon (1/1)

Altars:


Innate Abilities, Weirdness & Mutations

You have a pair of horns on your head.
You reflexively headbutt those who attack you in melee.


Message History

The human is severely wounded.
The human barely misses you.
You closely miss the human.
The human is severely wounded.
You block the human's attack. x2
You slash the human!
The human is almost dead.
You block the human's attack.
You hit the human but do no damage.
The human is almost dead.
The human hits you.
You slash the human!
You kill the human!
No target in view!
You start resting.
Magic restored.
You start resting.
You start resting.
HP restored.
You start waiting.
Done waiting.
You open the door.
A water elemental comes into view.
A water elemental is nearby!
The water elemental hits you.
The water elemental engulfs you in water!
There is an open door to the Ecumenical Temple here.
You hit the water elemental.
The water elemental is lightly damaged.
Your lungs strain for air!
The water elemental closely misses you. The water elemental hits you.
You slash the water elemental!
The water elemental is heavily damaged.
Your lungs strain for air!
You block the water elemental's attack.
You barely miss the water elemental.
The water elemental is heavily damaged.
Your lungs strain for air!
The water elemental hits you!
You die...

▓▓ ▓▓▓ .# ♣.# .# ♣.#
'#### ..♣ ♣♣.#
....#....≈.♣♣♣..###+#+##
....#...≈≈.♣..♣.#.......
....#..≈≈≈≈.♣...@E⌠.....
###'#..≈≈≈≈≈≈.♣.#...####
..)†#.≈≈≈≈≈≈....#.⌠.#
....#.≈≈≈≈≈...†.#...#
....#.≈≈≈.......#+###
#####...........#
................#
▓▓▓▓▓▓▓▓▓▓▓▓▓▓▓▓▓


You could see a water elemental.

Vanquished Creatures
  Jessica (D)
  A human (D)
  2 endoplasms (D)
  A rat (D)
5 creatures vanquished.

Notes
Turn   | Place    | Note
-------+----------+-------------------------------------------
     0 | D        | HotDog the Minotaur Fighter began the quest for the Orb.
     0 | D        | Reached XP level 1. HP: 19/19 MP: 0/0
    13 | D        | Noticed Jessica
    19 | D        | Killed Jessica
    20 | D        | Reached skill level 5 in Fighting
    20 | D        | Reached skill level 5 in Armour
    20 | D        | Reached skill level 1 in Dodging
    20 | D        | Reached skill level 5 in Shields
    20 | D        | Reached skill level 1 in Invocations
    20 | D        | Reached XP level 2. HP: 25/29 MP: 1/1
    20 | D        | Reached XP level 3. HP: 31/36 MP: 2/2
   268 | D        | Noticed a water elemental
   272 | D        | Slain by a water elemental

Illustrated notes

Levels and vault maps discovered:
D:        dungeon_sprint_mu [sprint_mu_entry_forest, sprint_mu_temple_rooms,
          sprint_mu_d1_horrors, sprint_mu_d2_genie, sprint_mu_d3_branching,
          sprint_mu_orc_legion, sprint_mu_elf_gauntlet, sprint_mu_hive_nellie,
          sprint_mu_lair_fedhas, sprint_mu_vaults_butterflies,
          sprint_mu_slime_circle, sprint_mu_shoals_archi,
          sprint_mu_snake_twists, sprint_mu_blade_basic,
          sprint_mu_crypt_chambers, sprint_mu_tomb_spiral,
          sprint_mu_vestibule_basic, sprint_mu_gehenna_hellfire,
          sprint_mu_dis_giant, sprint_mu_tartarus_statrot,
          sprint_mu_cocytus_islands, sprint_mu_zot1]

Skill      XL: |  1 |
---------------+----+-----
Fighting       | 5 |  5.4
Armour         | 5 |  5.5
Shields        | 5 |  5.4
Long Blades    | 3 |  3.5
Dodging        | 1 |  1.7
Invocations    | 1 |  1.5

Action                   || total
-------------------------++-------
Melee: Long sword        ||    25
       Headbutt          ||     5
Armor: Scale mail        ||     8
Dodge: Dodged            ||     9
Block: Buckler           ||     9

Table legend: (Time is in decaauts)
 A = Elapsed time spent in this place.
 B = Non-inter-level travel time spent in this place.
 C = Inter-level travel time spent in this place.
 D = Time resting spent in this place.
 E = Time spent auto-exploring this place.
 F = Levels seen in this place.
 G = Mean time per level.
                   A        B        C        D        E       F      G
               +--------+--------+--------+--------+--------+-----+--------+
         Total |    279 |    279 |      0 |    164 |     56 |   1 |  279.0 |
       Dungeon |    279 |    279 |      0 |    164 |     56 |   1 |  279.0 |
               +--------+--------+--------+--------+--------+-----+--------+

Top non-repeatable levels by time:
       D: 279 daAuts
